 Dungeon Crawl Stone Soup version 0.28-a0-724-g66f9036eb4 (webtiles) character file.

Game seed: 4636208597333707648

122 cheechan the Chopper (level 5, -7/49 HPs)
             Began as a Naga Chaos Knight on Oct 26, 2021.
             Was a Plaything of Xom.
             Mangled by Purgy (10 damage)
             ... on level 3 of the Dungeon.
             The game lasted 00:07:58 (2091 turns).

cheechan the Chopper (Naga Chaos Knight)            Turns: 2091, Time: 00:08:00

Health: -7/49      AC:  5    Str: 15    XL:     5   Next: 6%
Magic:  14/14      EV:  9    Int: 10    God:    Xom [.*....]
Gold:   1231       SH:  0    Dex: 17    Spells: 4/4 levels left

rFire   . . .      SeeInvis +   a - +0 hand axe (chaos)
rCold   . . .      Faith    .   (no shield)
rNeg    . . .      Spirit   .   b - +2 leather armour
rPois   +          Reflect  .   (helmet restricted)
rElec   .          Harm     .   (no cloak)
rCorr   .          Rampage  .   (no gloves)
Will    .....                   (no barding)
Stlth   +.........              (no amulet)
HPRegen 0.16/turn               d - +6 ring of dexterity
MPRegen 0.14/turn               i - ring of magical power

@: very slow
A: AC +1, large, see invisible, deformed body, poison resistance, slowness 2,
spit poison 1, naga tail 1, horns 1, dopey 1, wild magic 1
a: Spit Poison, Renounce Religion


You were on level 3 of the Dungeon.
You worshipped Xom.
You were a plaything of Xom.
You visited 1 branch of the dungeon, and saw 3 of its levels.

You collected 1231 gold pieces.

Inventory:

Hand Weapons
 a - a +0 hand axe of chaos (weapon)
 q - a +0 hand axe
Missiles
 c - 87 stones
 g - 3 boomerangs
 n - 21 sling bullets
Armour
 b - a +2 leather armour (worn)
Magical Staves
 e - a staff of air
Jewellery
 d - a +6 ring of dexterity (left hand)
 i - a ring of magical power (right hand)
Scrolls
 j - a scroll of magic mapping
 k - a scroll of enchant armour
Potions
 f - 3 potions of curing
 h - a potion of lignification
 l - a potion of resistance
 m - a potion of might
 p - a potion of attraction {unknown}


   Skills:
 + Level 3.6 Fighting
 + Level 4.4 Axes
 + Level 2.1 Armour
 + Level 1.4 Dodging
 + Level 0.3 Stealth


You had 4 spell levels left.
You didn't know any spells.
Your spell library contained the following spells:

 Spells                   Type           Power      Damage    Failure   Level
 Magic Dart               Conj           0%         1d3       52%         1
 Call Imp                 Summ           0%         N/A       65%         2
 Mephitic Cloud           Conj/Pois/Air  0%         N/A       86%         3


Dungeon Overview and Level Annotations

Branches:
Dungeon (3/15)

Altars:
Nemelex Xobeh
Xom

Annotations:
D:3 Purgy


Innate Abilities, Weirdness & Mutations

Your serpentine skin is tough. (AC +1)
You have supernaturally acute eyesight. (SInv)
Armour fits poorly on your strangely shaped body.
Your system is resistant to poisons. (rPois)
You cover ground very slowly.
You can spit poison.
You have a snake-like lower body.
You have a pair of small horns on your head.
You are dopey. (Int -2)
Your spells are a little harder to cast, but a little more powerful.


Message History

Aim: Purgy The splash of poison hits Purgy.
Purgy is poisoned.
Purgy is lightly wounded.
Purgy barely misses you. Purgy claws you. x2
You hit Purgy but do no damage. Purgy bites you but does no damage.
Purgy claws you but does no damage. Purgy claws you.
You hit Purgy. You burn Purgy.
Purgy is moderately wounded.
Purgy hisses menacingly.
Purgy bites you. Purgy closely misses you. Purgy claws you but does no damage.
You closely miss Purgy. Your headbutt misses Purgy.
Purgy is moderately wounded.
Purgy bites you. Purgy claws you.
You emit a cloud of colourful smoke!
Purgy closely misses you.
You hit Purgy but do no damage.
Purgy is moderately wounded.
Purgy bites you but does no damage. Purgy claws you. Purgy barely misses you.
Purgy closely misses you. Purgy claws you but does no damage. x2
You hit Purgy.
Purgy seems to grow stronger.
You headbutt Purgy.
Purgy is heavily wounded.
Purgy bites you! Purgy claws you but does no damage. x2
You hit Purgy.
Purgy is heavily wounded.
You have got your breath back.
Purgy bites you. Purgy claws you but does no damage. Purgy barely misses you.
You hit Purgy.
Purgy is severely wounded.
Purgy bites you. Purgy claws you.
* * * LOW HITPOINT WARNING * * *
Purgy barely misses you.
You hit Purgy.
Purgy seems to speed up.
Purgy is almost dead.
Purgy bites you!
* * * LOW HITPOINT WARNING * * *
Purgy barely misses you. Purgy claws you.
* * * LOW HITPOINT WARNING * * *
Purgy bites you!
You die...
Xom roars with laughter!

........##.........#
.....................#
.....................#
.....................#
.....................# .
.....................#..
..........)..........#..
.......T§.<..........#..
......§@§.##.........#..
..(...§§.!..............
#####......########'''##
#......########...##
#......###...##÷..#.
#########..§..#.>.#.
#...○.#.).#.
#.....#)).#.
##...##...#.


You could see Purgy (fast, strong, poisoned).

Vanquished Creatures
  An orc priest (D:3)
  5 adders
  A worm (D:2)
  3 orcs (D:3)
  2 bats
  5 endoplasms
  A giant cockroach (D:1)
  A goblin (D:2)
  2 hobgoblins
  7 jackals
  2 quokkas (D:1)
  2 ball pythons
  2 frilled lizards
  3 kobolds
  6 rats
43 creatures vanquished.

Vanquished Creatures (others)
  5 plants (D:3)
5 creatures vanquished.

Grand Total: 48 creatures vanquished

Notes
Turn   | Place    | Note
-------+----------+-------------------------------------------
     0 | D:1      | cheechan the Naga Chaos Knight began the quest for the Orb.
     0 | D:1      | Reached XP level 1. HP: 21/21 MP: 1/1
    18 | D:1      | XOM: silly message
    41 | D:1      | Reached skill level 1 in Dodging
    44 | D:1      | Reached XP level 2. HP: 25/28 MP: 2/2
    84 | D:1      | XOM: noise
   656 | D:2      | Found a faded altar of an unknown god.
   672 | D:2      | Reached XP level 3. HP: 5/34 MP: 3/3
   675 | D:2      | HP: 1/34 [poisoned by an adder]
  1232 | D:2      | Identified a scroll of acquirement
  1232 | D:2      | Acquired 1123 gold pieces
  1260 | D:2      | Reached skill level 4 in Axes
  1293 | D:2      | Reached XP level 4. HP: 38/42 MP: 4/4
  1369 | D:2      | XOM: 3-stop teleportation journey
  1452 | D:2      | XOM: scenery: 1 doors open
  1753 | D:3      | Found a shimmering altar of Xom.
  1804 | D:3      | Found a sparkling altar of Nemelex Xobeh.
  1878 | D:3      | Reached XP level 5. HP: 21/49 MP: 5/5
  2052 | D:3      | XOM: give mutations
  2052 | D:3      | Gained mutation: Your body sometimes deteriorates upon
                  | taking damage. [Xom's mischief]
  2052 | D:3      | Gained mutation: Your body often deteriorates upon taking
                  | damage. [Xom's mischief]
  2052 | D:3      | Gained mutation: You sometimes lose the ability to read
                  | scrolls when taking damage. [Xom's mischief]
  2052 | D:3      | Lost mutation: Your body often deteriorates upon taking
                  | damage. [Xom's mischief]
  2053 | D:3      | Lost mutation: Your body sometimes deteriorates upon taking
                  | damage. [potion of mutation]
  2053 | D:3      | Lost mutation: You sometimes lose the ability to read
                  | scrolls when taking damage. [potion of mutation]
  2053 | D:3      | Gained mutation: You are clumsy. (Dex -2) [potion of
                  | mutation]
  2053 | D:3      | Gained mutation: You can exhale a cloud of poison. [potion
                  | of mutation]
  2054 | D:3      | Lost mutation: You are clumsy. (Dex -2) [potion of
                  | mutation]
  2054 | D:3      | Lost mutation: You can exhale a cloud of poison. [potion of
                  | mutation]
  2054 | D:3      | Gained mutation: Your spells are a little harder to cast,
                  | but a little more powerful. [potion of mutation]
  2054 | D:3      | Gained mutation: You have a pair of small horns on your
                  | head. [potion of mutation]
  2054 | D:3      | Gained mutation: You are dopey. (Int -2) [potion of
                  | mutation]
  2075 | D:3      | Noticed Purgy
  2086 | D:3      | XOM: smoke on damage
  2091 | D:3      | Mangled by Purgy

Illustrated notes

Levels and vault maps discovered:
D:1:      lightli_arrival_statuegarden, layout_basic
D:2:      layout_basic, hellmonk_ecumenical_altar_lost_god, grunt_decor_cap
D:3:      layout_basic, nemelex_altar_shiori, mainiacjoe_overflow_chevrons,
          mainiacjoe_overflow_alcove_2, uniq_purgy, uniq_robin

Skill      XL: |  1  2  3  4 |
---------------+-------------+-----
Dodging        | 1 |  1.4
Axes           | 4 |  4.4
Armour         | 2 |  2.1
Fighting       | |  3.6
Stealth        | |  0.3

Action                   |  1- 3 |  4- 6 || total
-------------------------+-------+-------++-------
Melee: Hand axe          |    62 |    58 ||   120
       Headbutt          |       |     1 ||     1
 Abil: Spit Poison       |     6 |     8 ||    14
  Use: Scroll            |     7 |     5 ||    12
       Potion            |       |     2 ||     2
Armor: Leather armour    |    23 |    43 ||    66
Dodge: Dodged            |    38 |    51 ||    89

Table legend: (Time is in decaauts)
 A = Elapsed time spent in this place.
 B = Non-inter-level travel time spent in this place.
 C = Inter-level travel time spent in this place.
 D = Time resting spent in this place.
 E = Time spent auto-exploring this place.
 F = Levels seen in this place.
 G = Mean time per level.
                   A        B        C        D        E       F      G
               +--------+--------+--------+--------+--------+-----+--------+
         Total |   2577 |   2577 |      0 |    690 |      0 |   3 |  859.0 |
       Dungeon |   2577 |   2577 |      0 |    690 |      0 |   3 |  859.0 |
               +--------+--------+--------+--------+--------+-----+--------+

Top non-repeatable levels by time:
     D:2: 1256 daAuts
     D:1: 844 daAuts
     D:3: 476 daAuts
